Map: [ESL] Gresvan

Players

Solar - Winner!

  • Race: Zerg Zerg
  • League: Master
  • Spawn Location: 5:00

HeroMarine

  • Race: Terran Terran
  • Spawn Location: 11:00

Event: HomeStory Cup XXIII

VOD

Have the link to the VOD?

Description

Time

  • Played on: June 30, 2023, 2:33 p.m.
  • Length: 16:07

All games in this series

Show
View Real Time Build Order
Export as new Build Order

Solar Zerg - Winner!

Build Orders: Hatch First, Lurkers 

Get SALT Encoding   

  12  0:00  Drone  
  13  0:12  Overlord  
  13  0:17  Drone  
  14  0:32  Drone x2  
  16  0:49  Hatchery  
  15  0:51  Drone  
  15  0:54  Drone  
  17  0:57  Drone  
  18  1:07  Extractor  
  17  1:13  Spawning Pool  
  17  1:15  Drone  
  17  1:19  Drone  
  18  1:27  Drone  
  19  1:38  Drone  
  20  1:49  Drone  
  21  2:00  Queen x2  
  21  2:01  Zergling x4  
  27  2:13  Overlord  
  27  2:14  Drone  
  28  2:21  Hatchery  
  27  2:23  Drone  
  28  2:31  Drone  
  28  2:35  Drone  
  30  2:38  Queen  
  30  2:42  Overlord  
  32  2:47  Metabolic Boost  
  32  2:51  Drone  
  33  2:53  Drone  
  33  2:57  Drone  
  35  3:03  Drone  
  36  3:06  Drone x2  
  36  3:08  Drone  
  36  3:10  Drone x2  
  41  3:15  Queen  
  41  3:19  Overlord  
  43  3:21  Drone  
  44  3:32  Overlord, Queen  
  46  3:35  Queen  
  48  3:41  Drone  
  48  3:42  Drone x3  
  48  3:43  Drone  
  48  3:47  Drone  
  48  3:48  Drone x2  
  55  3:50  Drone  
  55  3:54  Drone x2  
  55  3:55  Drone  
  60  3:58  Overlord  
  60  4:02  Zergling x2  
  61  4:03  Overlord  
  61  4:05  Drone  
  61  4:06  Drone  
  63  4:10  Queen  
  63  4:16  Queen  
  67  4:18  Overlord  
  67  4:20  Drone x3  
  67  4:21  Drone  
  67  4:23  Drone x2  
  73  4:25  Zergling x2  
  73  4:26  Zergling x2  
  73  4:27  Zergling x2  
  76  4:31  Evolution Chamber  
  72  4:40  Drone x6  
  72  4:41  Drone x3  
  72  4:44  Drone x2  
  80  4:51  Lair  
  80  4:52  Drone x2  
  82  4:54  Overlord  
  82  4:57  Extractor  
  82  4:58  Extractor  
  80  5:00  Spore Crawler  
  80  5:01  Drone  
  80  5:04  Spore Crawler  
  80  5:05  Spore Crawler  
  80  5:06  Zergling x6, Baneling Nest  
  79  5:09  Drone x2  
  79  5:11  Overlord  
  79  5:13  Drone x2  
  83  5:20  Drone x3  
  86  5:22  Overlord  
  86  5:24  Drone x2  
  86  5:27  Hatchery  
  89  5:33  Drone x4  
  90  5:38  Drone x2  
  90  5:39  Drone x2  
  90  5:40  Drone  
  95  5:46  Evolution Chamber  
  95  5:47  Extractor, Zergling x6, Evolution Chamber  
  95  5:48  Extractor  
  94  5:50  Centrifugal Hooks  
  94  5:53  Drone x3  
  94  5:56  Drone  
  98  6:01  Zergling x4  
  100  6:06  Overlord  
  100  6:11  Drone x2  
  100  6:15  Zergling x2, Zerg Ground Armor Level 1, Zerg Melee Weapons Level 1  
  100  6:16  Zergling x4  
  100  6:17  Overlord  
  105  6:19  Zergling x2  
  106  6:26  Zergling x8, Baneling  
  106  6:27  Hatchery, Baneling x7  
  106  6:28  Baneling x2  
  106  6:30  Overlord  
  109  6:34  Drone x2  
  109  6:35  Drone  
  109  6:36  Hydralisk Den  
  109  6:38  Drone  
  109  6:39  Drone x2  
  114  6:44  Baneling, Zergling x6  
  116  6:47  Queen  
  116  6:49  Zergling x6  
  116  6:52  Drone  
  116  6:53  Baneling x2  
  122  6:55  Zergling x4  
  122  6:58  Extractor, Overlord  
  123  7:02  Zergling x8  
  123  7:05  Zergling x2  
  126  7:10  Baneling x3  
  126  7:12  Overlord  
  126  7:13  Zergling x4  
  126  7:14  Drone x2, Zergling x8  
  134  7:16  Muscular Augments  
  134  7:18  Zergling x4  
  134  7:21  Overlord  
  136  7:24  Baneling x2  
  136  7:26  Overlord  
  136  7:28  Overlord, Pneumatized Carapace  
  135  7:31  Zergling x10  
  135  7:32  Overlord  
  135  7:35  Overseer  
  139  7:37  Overlord  
  139  7:40  Drone  
  139  7:41  Hydralisk x4  
  139  7:42  Hydralisk  
  149  7:47  Hydralisk x3  
  149  7:48  Zergling x2  
  149  7:50  Drone  
  158  7:51  Drone x2  
  158  7:52  Baneling x2  
  158  7:53  Baneling x3  
  158  7:55  Drone  
  158  7:56  Zergling x2  
  158  7:57  Zergling x4  
  163  8:00  Zergling x6  
  163  8:01  Zergling x2  
  163  8:05  Zergling x6  
  169  8:08  Hatchery  
  169  8:09  Zergling x4  
  170  8:14  Zerg Melee Weapons Level 2, Zerg Ground Armor Level 2  
  170  8:17  Zergling x2  
  170  8:18  Zergling x4  
  167  8:22  Zergling x2  
  167  8:23  Zergling x10  
  169  8:28  Hydralisk x2  
  169  8:29  Zergling x2, Grooved Spines  
  169  8:30  Extractor, Infestation Pit  
  169  8:31  Zergling x8  
  176  8:35  Overlord  
  176  8:39  Hydralisk x3  
  176  8:40  Zergling x4  
  183  8:41  Baneling x6  
  174  8:53  Zergling x12  
  160  8:57  Zergling x14  
  160  9:00  Baneling x7  
  167  9:03  Baneling x6  
  167  9:07  Zergling x2  
  167  9:08  Zergling x4  
  168  9:15  Zergling x6  
  169  9:20  Baneling x5  
  169  9:21  Zergling x6  
  168  9:27  Zergling x18  
  168  9:28  Zergling x4  
  164  9:32  Hive  
  151  9:41  Hydralisk x2  
  151  9:42  Zergling x6  
  151  9:44  Zergling x6  
  143  9:50  Zergling x4  
  141  9:56  Zergling x6  
  141  9:58  Baneling  
  141  9:59  Baneling x10  
  143  10:03  Baneling x5  
  143  10:04  Drone x3  
  143  10:05  Zergling x12  
  152  10:07  Hydralisk x2  
  152  10:08  Zergling x2  
  152  10:09  Baneling x4  
  157  10:14  Zergling x2  
  157  10:16  Zergling x2  
  157  10:18  Zergling x4  
  161  10:23  Zergling x8  
  161  10:27  Zergling x4  
  165  10:31  Zergling x20  
  160  10:37  Zergling x6  
  160  10:41  Drone x2  
  160  10:42  Drone x2, Lurker Den  
  165  10:45  Hydralisk  
  162  10:50  Zergling x8  
  162  10:51  Zerg Missile Weapons Level 1, Viper  
  162  10:52  Adrenal Glands  
  162  10:54  Drone  
  162  10:55  Viper  
  171  11:00  Overlord  
  171  11:01  Drone x4  
  175  11:06  Zergling x6  
  178  11:11  Zergling x4  
  178  11:14  Baneling x13  
  178  11:19  Zergling x14  
  178  11:25  Hydralisk, Zergling x2  
  184  11:26  Zergling x4  
  184  11:31  Baneling x11  
  187  11:33  Zergling x20  
  197  11:41  Zergling x4  
  199  11:57  Hatchery  
  198  12:06  Zerg Ground Armor Level 3  
  197  12:09  Zergling x4  
  199  12:16  Zergling x4  
  199  12:22  Zergling x6  
  199  12:27  Zergling x6  
  197  12:35  Zergling x28  
  197  12:36  Zergling x4  
  175  12:39  Hydralisk x5  
  167  12:50  Zergling x12  
  172  12:53  Hatchery  
  172  12:54  Hatchery, Zergling x4  
  170  13:00  Zergling x2  
  170  13:04  Zergling x4  
  173  13:07  Hatchery  
  173  13:11  Zergling x8  
  176  13:15  Drone, Overlord  
  176  13:16  Zergling x10  
  176  13:19  Baneling x6  
  176  13:28  Zergling x6  
  176  13:31  Hydralisk  
  152  13:36  Hydralisk x3  
  152  13:39  Hydralisk  
  152  13:41  Zergling x2  
  144  13:42  Zergling x2  
  144  13:49  Seismic Spines  
  144  13:54  Lurker  
  144  13:55  Lurker x3  
  147  13:58  Hydralisk, Drone  
  147  14:01  Lurker  
  151  14:08  Zergling x10  
  153  14:11  Viper  
  145  14:17  Zergling x8  
  145  14:18  Zergling x2  
  148  14:26  Hydralisk x2  
  148  14:28  Zergling x4  
  150  14:36  Drone  
  150  14:37  Drone x2  
  153  14:41  Zergling x2  
  153  14:42  Zergling x10  
  153  14:45  Zergling x2  
  153  14:46  Zergling x2  
  153  14:48  Zergling x8  
  153  14:49  Zergling x2  
  153  14:50  Zergling x2  
  152  14:56  Zergling x12  
  152  14:58  Zergling x6  
  152  14:59  Zergling x2  
  147  15:01  Zergling x4  
  147  15:03  Hydralisk  
  145  15:07  Zergling x8  
  145  15:08  Baneling x3  
  145  15:11  Zergling x4  
  145  15:12  Zergling x2  
  148  15:14  Hydralisk  
  148  15:17  Zergling x2  
  148  15:18  Zergling x4  
  148  15:19  Hydralisk  
  150  15:22  Hydralisk  
  150  15:27  Zergling x2  
  150  15:28  Zergling x10  
  142  15:31  Zergling x8  
  142  15:33  Zergling x2  
  142  15:34  Zergling x4  
  138  15:38  Zergling x10  
  138  15:41  Baneling x2  
  137  15:45  Zergling x2  
  137  15:46  Zergling x8  
Show
View Real Time Build Order
Export as new Build Order

HeroMarine Terran 

Build Orders: Reaper Expand, Hellion Banshee 

Get SALT Encoding   

  12  0:00  SCV  
  13  0:12  SCV  
  14  0:17  Supply Depot  
  14  0:24  SCV  
  15  0:39  SCV  
  15  0:41  Barracks  
  16  0:43  Refinery  
  16  0:51  SCV  
  17  1:03  SCV  
  18  1:15  SCV  
  19  1:28  Orbital Command  
  19  1:29  Reaper  
  20  1:38  Command Center  
  20  1:46  Supply Depot  
  20  1:54  SCV  
  21  2:00  Marine  
  22  2:06  SCV  
  23  2:10  Factory  
  23  2:18  SCV  
  25  2:25  Barracks Reactor  
  24  2:30  SCV  
  25  2:42  SCV  
  25  2:43  Command Center  
  26  2:50  Orbital Command  
  26  2:54  SCV  
  27  3:04  Starport  
  27  3:06  SCV  
  27  3:08  Refinery  
  27  3:11  Hellion x2  
  32  3:18  SCV x2  
  34  3:26  Barracks Tech Lab  
  34  3:30  SCV x2  
  34  3:32  Hellion  
  34  3:33  Hellion  
  40  3:42  SCV x2  
  42  3:51  Marine, Banshee  
  42  3:54  SCV  
  42  3:55  Orbital Command, SCV  
  48  3:59  Hellion x2  
  52  4:06  Supply Depot  
  52  4:07  SCV x2  
  54  4:10  Barracks Tech Lab  
  54  4:19  SCV x2  
  54  4:20  Hellion, SCV  
  54  4:21  Hellion  
  61  4:29  Supply Depot  
  61  4:31  SCV x2  
  63  4:33  SCV  
  63  4:36  Raven  
  66  4:43  Stimpack, SCV x2  
  66  4:45  SCV  
  60  4:46  Barracks, Marine  
  60  4:50  Barracks  
  61  4:52  Factory Reactor  
  61  4:53  Engineering Bay  
  61  4:55  SCV  
  61  4:56  SCV, Engineering Bay  
  63  5:00  Orbital Command  
  63  5:01  Refinery x2  
  63  5:04  Marine  
  64  5:07  SCV  
  64  5:08  SCV  
  66  5:18  Supply Depot  
  66  5:19  SCV  
  66  5:20  SCV, Starport Reactor  
  68  5:22  Marine  
  68  5:23  Barracks  
  68  5:24  Barracks  
  68  5:26  SCV  
  70  5:31  SCV  
  70  5:32  SCV  
  70  5:34  Terran Infantry Weapons Level 1, Terran Infantry Armor Level 1  
  72  5:38  SCV  
  72  5:39  Supply Depot  
  72  5:40  Marine x2  
  72  5:41  Marine  
  76  5:43  SCV  
  76  5:44  SCV, Marine  
  76  5:45  Marine  
  76  5:46  Supply Depot  
  76  5:47  Siege Tank  
  76  5:49  Supply Depot  
  83  5:50  SCV  
  83  5:55  SCV  
  85  6:01  Marine x2, Medivac x2, SCV  
  85  6:02  Supply Depot  
  85  6:03  SCV  
  93  6:04  Refinery  
  93  6:08  Marine x3, SCV  
  97  6:12  Barracks Reactor x2  
  97  6:13  SCV  
  97  6:15  SCV  
  99  6:19  Marine x2  
  99  6:21  Siege Tank  
  106  6:25  Marine x3  
  106  6:30  Armory  
  106  6:31  Supply Depot  
  107  6:34  Barracks x2  
  107  6:36  Marine x2  
  107  6:37  Barracks  
  109  6:40  Supply Depot  
  109  6:43  Marine x3  
  109  6:44  Supply Depot  
  109  6:45  Supply Depot  
  109  6:47  Medivac  
  114  6:48  Medivac  
  119  6:54  Marine x2  
  119  6:58  Marine x3  
  119  7:00  Marine  
  122  7:01  Marine  
  122  7:05  Marine x2  
  122  7:06  Siege Tank  
  124  7:12  Marine x2  
  126  7:16  Marine x3  
  126  7:17  Medivac, Supply Depot  
  126  7:18  Marine, Medivac  
  126  7:19  Marine  
  126  7:20  Supply Depot  
  126  7:22  Marine x2  
  135  7:23  Marine x2  
  139  7:33  Marine x3  
  139  7:34  Marine x3  
  139  7:36  Marine  
  143  7:37  Marine  
  143  7:40  Marine x3  
  147  7:44  Marine  
  147  7:47  Medivac  
  147  7:48  Medivac, Combat Shield  
  147  7:51  Marine x4  
  149  7:52  Marine x2  
  149  7:53  Siege Tank  
  149  7:54  Terran Infantry Weapons Level 2, Marine x2  
  149  7:58  Marine x3  
  160  8:02  Marine  
  164  8:05  Terran Infantry Armor Level 2  
  164  8:09  Marine  
  165  8:15  Supply Depot  
  165  8:16  Marine x3, Medivac  
  165  8:18  Marine x2, Supply Depot  
  165  8:19  Supply Depot  
  170  8:20  Marine x2  
  170  8:22  Marine x2  
  173  8:27  Sensor Tower  
  173  8:37  Liberator, Marine x4  
  180  8:44  Marine  
  180  8:45  Marine  
  180  8:46  Liberator  
  179  8:54  Marine x2  
  163  8:56  Marine x2, Siege Tank  
  168  9:04  Marine x2  
  168  9:05  Marine  
  168  9:08  Marine x2  
  172  9:11  Marine  
  172  9:16  Marine x2  
  172  9:18  Marine x2  
  172  9:19  Liberator, Marine  
  172  9:20  Marine  
  177  9:28  Marine  
  177  9:29  Liberator, Marine  
  176  9:32  Marine x2  
  176  9:33  Marine x3  
  176  9:34  Marine  
  176  9:35  Marine  
  176  9:37  Marine x2  
  161  9:39  Marine  
  130  9:46  Marine x2  
  130  9:50  Marine x2  
  130  9:51  Marine x3  
  130  9:52  Marine, Siege Tank  
  120  9:53  Marine  
  120  9:54  Marine  
  120  9:55  Marine  
  120  9:57  Marine  
  121  10:00  Factory  
  121  10:02  Liberator  
  121  10:04  Marine x2  
  126  10:08  Marine x2  
  126  10:09  Marine x4  
  126  10:11  Marine  
  126  10:12  Marine, Medivac  
  126  10:13  Marine  
  137  10:15  Marine  
  137  10:21  Terran Infantry Weapons Level 3  
  138  10:22  Marine x2  
  138  10:24  Siege Tank  
  138  10:26  Marine x2  
  138  10:27  Marine x4  
  147  10:29  Marine  
  147  10:30  Marine  
  147  10:31  Marine  
  147  10:33  Marauder  
  139  10:40  Marine x2  
  139  10:42  Medivac  
  143  10:43  Marine  
  143  10:44  Marine x3  
  143  10:45  Marine x2, Medivac  
  143  10:47  Marine  
  143  10:48  Marine  
  143  10:49  Marine  
  153  10:54  Marine, Factory Tech Lab  
  153  10:56  Siege Tank  
  153  10:57  Marine  
  153  10:58  Marine  
  153  10:59  Terran Infantry Armor Level 3  
  153  11:01  Marine x2  
  153  11:02  Marine x3  
  153  11:03  Marine  
  161  11:04  Marine  
  161  11:06  Marine x2  
  164  11:12  Marine, Medivac  
  164  11:15  Marine x2  
  169  11:19  Marine x2  
  169  11:20  Marine x3  
  169  11:21  Marine  
  169  11:22  Marine  
  169  11:24  Liberator, Marine x2  
  181  11:30  Marine  
  181  11:33  Marine x2  
  181  11:36  Siege Tank x2  
  181  11:37  Marine x2  
  181  11:38  Marine x3  
  181  11:39  Marine  
  195  11:40  Marine  
  195  11:41  Marine  
  195  11:42  Marine  
  195  11:43  Liberator  
  197  11:49  Marine  
  197  12:06  Marine  
  197  12:14  Marine  
  197  12:23  Marine  
  197  12:29  Marine x3  
  197  12:31  Marine  
  197  12:32  Marine x3, Siege Tank  
  197  12:33  Marine x4  
  197  12:34  Siege Tank  
  168  12:40  Medivac  
  168  12:41  Marine, Medivac  
  142  12:47  Marine x3  
  142  12:49  Marine  
  142  12:50  Marine x3  
  142  12:51  Marine x4  
  148  12:59  Marine  
  148  13:04  Siege Tank  
  148  13:05  Marine x3  
  149  13:06  Siege Tank  
  149  13:07  Marine x2  
  149  13:08  Marine x2  
  149  13:09  Orbital Command, Marine x4  
  149  13:10  Medivac  
  149  13:12  Medivac  
  166  13:17  Marine  
  167  13:22  Marine  
  167  13:23  Marine x2  
  167  13:25  Marine x2  
  167  13:26  Marine x3  
  167  13:27  Marine  
  150  13:37  Siege Tank  
  136  13:43  Siege Tank  
  133  13:49  Medivac  
  133  13:52  Medivac  
  137  13:56  Marine x3  
  137  13:58  Marine  
  137  13:59  Marine x2  
  137  14:00  Marine x6  
  149  14:10  Siege Tank  
  149  14:13  Marine  
  149  14:14  Marine x2  
  149  14:16  Marine x2, Siege Tank  
  158  14:17  Marine  
  158  14:18  Marine x2  
  158  14:20  Marine  
  158  14:21  Marine x2  
  158  14:22  Marine  
  162  14:28  Medivac  
  162  14:31  Marine, Medivac  
  162  14:32  Marine  
  162  14:34  Marine  
  162  14:35  Marine x3  
  168  14:42  Siege Tank  
  150  14:49  Marine x2, Siege Tank  
  150  14:51  Marine x6  
  150  14:52  Marine x3  
  149  14:53  Marine  
  137  15:06  Marine x2, Medivac x2  
  142  15:09  Marine x5  
  142  15:10  Marine x3  
  144  15:15  Marine  
  130  15:25  Siege Tank  
  130  15:27  Marine  
  116  15:34  Marine x2  
  98  15:40  Marine x2  
  93  15:44  Marine  
Tags
 
Add a new tag
Caveats
  • Supply blocks, unpowered buildings, or Contaminate may cause inaccurate times.
  • Supply counts are checked every 10 seconds.